 Dungeon Crawl Stone Soup version 0.19-a0-994-g3c636f0 (webtiles) character file.

121 Lokkij the Slasher (level 5, 24/27 HPs)
             Began as a Vine Stalker Monk on July 17, 2016.
             Quit the game on level 3 of the Dungeon on Aug 2, 2016.
             The game lasted 00:06:22 (2085 turns).

Lokkij the Slasher (Vine Stalker Monk)              Turns: 2085, Time: 00:06:23

Health: 24/27      AC:  2    Str: 11    XL:     5   Next: 5%
Magic:  6/6        EV:  9    Int: 10    God:
Gold:   134        SH:  7    Dex: 18    Spells: 0 memorised, 4 levels left

rFire  . . .     SeeInvis .     a - +0 falchion
rCold  . . .     Gourm    .     b - +0 robe
rNeg   . . .     Faith    .     s - +0 shield (curse)
rPois  .         Spirit   +     (helmet restricted)
rElec  .         Dismiss  .     (no cloak)
rCorr  .         Reflect  .     (no gloves)
SustAt .         Harm     .     (no boots)
MR     .....                    (no amulet)
Stlth  ++........               (no ring)
                                (no ring)

@: heavily drained, not resistant to hostile enchantments, unstealthy
A: fangs 2, horns 2, regeneration 1, weak 1, magic shield, antimagic bite, no
device heal 3, rot immunity
a: no special abilities


You were on level 3 of the Dungeon.
You were not hungry.

You visited 1 branch of the dungeon, and saw 3 of its levels.

You collected 134 gold pieces.

Inventory:

Hand Weapons
 a - a +0 falchion (weapon)
Armour
 b - a +0 robe (worn)
 l - a +0 helmet
 s - a cursed +0 shield (worn)
Jewellery
 n - an uncursed amulet of harm
Scrolls
 e - 2 scrolls of identify {unknown}
 f - 2 scrolls of noise {unknown}
 g - a scroll of teleportation {unknown}
 j - 4 scrolls of remove curse {unknown}
 m - 2 scrolls of fear {unknown}
 o - a scroll of random uselessness {unknown}
 p - a scroll of blinking {unknown}
 q - a scroll of enchant weapon {unknown}
 r - 2 scrolls of enchant armour {unknown}
Potions
 d - a potion of ambrosia {unknown}
 k - a potion of agility {unknown}
Comestibles
 c - a bread ration
 h - 6 chunks of flesh
 i - a slice of pizza


   Skills:
 - Level 2.6(1.2) Fighting
 + Level 5.0(3.5) Long Blades
 - Level 2.4(0.9) Dodging
 - Level 2.4(0.9) Stealth


You had 4 spell levels left.
You didn't know any spells.

Dungeon Overview and Level Annotations

Branches:
Dungeon (3/15)

Altars:
Qazlal


Innate Abilities, Weirdness & Mutations

You have extremely sharp teeth.
Your natural rate of healing is unusually fast.
When hurt, damage is shared between your health and your magic reserves.
Your bite disrupts and absorbs the magic of your enemies.
Potions and wands cannot restore your health.
You are immune to rotting.
You have a pair of horns on your head.
You are weak. (Str -2)


Message History

The rat bites you.
You slash the rat!
You kill the rat!
You block the giant newt's attack.
You see here a rat corpse.
You miss the giant newt. Your headbutt misses the giant newt.
You bite the giant newt, but do no damage.
The giant newt bites you but does no damage.
You block the giant newt's attack.
You hit the giant newt but do no damage.
You bite the giant newt, but do no damage.
The giant newt bites you.
You closely miss the giant newt.
The giant newt bites you but does no damage.
You hit the giant newt.
You kill the giant newt!
No target in view!
Welcome back, Lokkij the Vine Stalker Monk.
Press ? for a list of commands and other information.
Are you sure you want to abandon this character and quit the game? (Confirm with "yes".)

####...#####.....
#..
##..............
#..#
#..#.######.....
#..# #.##.#
#..[.. ...##
#.##.### #.....
#...##.##.).#
#....†
#..#..####.#
####.# ##.#.##
#.# #.. #..@.#
#.# ### #..†###
#.## ≈......
#####..## ≈P.....
....^....###
P..⌠...
#######....###
....... ##.#...#
##..... #.#...#
###### #.#...#
#.....##


There were no monsters in sight!

Vanquished Creatures
  5 adders
  An ooze (D:1)
  2 worms
  2 dart slugs (D:1)
  5 giant geckos
  2 orcs (D:3)
  6 hobgoblins
  A quokka (D:2)
  A ball python (D:1)
  9 bats
  9 giant newts
  5 goblins
  4 kobolds
  10 rats
62 creatures vanquished.

Notes
Turn   | Place    | Note
-------+----------+-------------------------------------------
     0 | D:1      | Lokkij the Vine Stalker Monk began the quest for the Orb.
     0 | D:1      | Reached XP level 1. HP: 11/11 MP: 2/2
   139 | D:1      | Reached skill level 3 in Long Blades
   143 | D:1      | Reached XP level 2. HP: 12/16 MP: 1/3
   241 | D:1      | Reached XP level 3. HP: 16/19 MP: 4/4
   987 | D:2      | Reached skill level 4 in Long Blades
  1037 | D:2      | Reached XP level 4. HP: 23/23 MP: 5/5
  1350 | D:2      | Found a stormy altar of Qazlal.
  1831 | D:3      | HP: 1/23 [hobgoblin/club (3)]
  1833 | D:3      | Gained mutation: You have a pair of small horns on your head. [potion of mutation]
  1833 | D:3      | Gained mutation: You are weak. (Str -2) [potion of mutation]
  1833 | D:3      | Gained mutation: You have a pair of horns on your head. [potion of mutation]
  2035 | D:3      | Reached skill level 5 in Long Blades
  2035 | D:3      | Reached XP level 5. HP: 16/27 MP: 4/6
  2085 | D:3      | Quit the game

Vault maps used:
D:1:      elethiomel_arrival_maze
D:2:      serial_glass, glass_columns_a, glass_columns_a,
          nicolae_qazlal_eye_of_the_storm
D:3:      tso_oasis_becter, nicolae_overflow_hidden_temple

Skill      XL: |  1  2  3  4 |
---------------+-------------+-----
Long Blades    | 3 4 5 |  5.0
Fighting       | |  2.6
Dodging        | |  2.4
Stealth        | |  2.4

Action                   |  1- 3 |  4- 6 || total
-------------------------+-------+-------++-------
Melee: Falchion          |    85 |    98 ||   183
       Bite              |    19 |    23 ||    42
       Headbutt          |       |     3 ||     3
  Use: Potion            |       |     4 ||     4
 Stab: Sleeping          |     4 |     7 ||    11
  Eat: Chunk             |       |     5 ||     5
Armor: Robe              |    14 |    18 ||    32
Dodge: Dodged            |    45 |    48 ||    93
Block: Shield            |       |     6 ||     6
